 Dungeon Crawl Stone Soup version 0.21.1-1-g345015f (webtiles) character file.

374 letownia2 the Conjurer (level 6, -8/36 HPs)
             Began as a Tengu Fire Elementalist on Mar 4, 2018.
             Was an Initiate of Sif Muna.
             Mangled by an ice beast (10 damage)
             ... on level 5 of the Dungeon.
             The game lasted 00:12:11 (1991 turns).

letownia2 the Conjurer (Tengu Fire Elementalist)    Turns: 1991, Time: 00:12:12

Health: -8/36      AC:  3    Str:  5 (8)  XL:     6   Next: 72%
Magic:  5/10       EV: 12    Int: 15 (18) God:    Sif Muna [......]
Gold:   110        SH:  0    Dex: 12 (14) Spells: 5/9 levels left

rFire    . . .     SeeInvis .   a - +2 flail (protect)
rCold    . . .     Gourm    .   (no shield)
rNeg     . . .     Faith    .   n - +0 leather armour
rPois    .         Spirit   .   (helmet restricted)
rElec    .         Reflect  .   (no cloak)
rCorr    .         Harm     .   (no gloves)
MR       .....                  (boots unavailable)
Stlth    ++........             (no amulet)
HPRegen  0.12/turn              (no ring)
MPRegen  0.12/turn              (no ring)

@: no status effects
A: beak, talons 3, able to fly 1
a: Fly, Renounce Religion


You were on level 5 of the Dungeon.
You worshipped Sif Muna.
Sif Muna was noncommittal.
You were not hungry.

You visited 2 branches of the dungeon, and saw 6 of its levels.

You collected 110 gold pieces.

Inventory:

Hand Weapons
 a - a +2 flail of protection (weapon)
 b - a +2 short sword of freezing
 e - a +0 dagger
 g - a +0 hunting sling
 h - a +0 hunting sling
Armour
 j - a +0 robe
 n - a +0 leather armour (worn)
 r - a +0 buckler
Scrolls
 d - 2 scrolls of remove curse
 k - a scroll of teleportation {unknown}
 m - a scroll of random uselessness {unknown}
 p - a scroll of magic mapping {unknown}
 t - a scroll of identify {unknown}
Potions
 i - a potion of degeneration
 l - a potion of might
 q - 2 potions of flight {unknown}
 u - a potion of brilliance {unknown}
Books
 f - a book of Flames

   Spells                             Type                      Level
   a - Flame Tongue                   Conjuration/Fire             1
   b - Throw Flame                    Conjuration/Fire             2
   c - Conjure Flame                  Conjuration/Fire             3
   d - Inner Flame                    Hexes/Fire                   3
   e - Sticky Flame                   Conjuration/Fire             4
   f - Fireball                       Conjuration/Fire             5
Comestibles
 c - 6 rations
 o - a chunk of flesh


   Skills:
 + Level 2.5 Fighting
 + Level 2.8 Armour
 + Level 3.7 Dodging
 - Level 2.0 Stealth
 - Level 2.0 Spellcasting
 - Level 5.9 Conjurations
 - Level 3.2 Fire Magic


You had 5 spell levels left.
You knew the following spells:

 Your Spells              Type           Power        Failure   Level  Hunger
a - Flame Tongue          Conj/Fire      ###..        5%          1    #......
c - Conjure Flame         Conj/Fire      ###.....     16%         3    ###....


Dungeon Overview and Level Annotations

Branches:
Dungeon (5/15)             Temple (1/1) D:4

Altars:
Gozag
Okawaru
Qazlal
Ru
Sif Muna
Trog
Vehumet
Zin

Annotations:
D:3 Quirk's ghost, amateur GnFi


Innate Abilities, Weirdness & Mutations

You have a beak for a mouth.
You have claws for feet.
You can fly.


Message History

Confirm with . or Enter, or press ? or * to list all spells.
You can't see any susceptible monsters within range! (Use Z to cast anyway.)
Casting: Flame Tongue
Confirm with . or Enter, or press ? or * to list all spells.
You can't see any susceptible monsters within range! (Use Z to cast anyway.)
You see here a worker ant corpse.
You butcher the worker ant corpse.
o - a chunk of flesh A leopard gecko comes into view.
Found a stone staircase leading up.
A centaur, an ogre and a skeleton come into view.
An adder skeleton comes into view.
An ice beast comes into view.
The leopard gecko hisses angrily.
The ice beast hits you. The ice beast freezes you!
* * * LOW HITPOINT WARNING * * *
The ice beast hits you.
* * * LOW HITPOINT WARNING * * *
The ice beast freezes you!
You die...

#. .#...##....
#.##.#..##../.
#.#.#...l..#
#...##.#....
##l###.##.## #.#
#<. ... ########.#
####c## #.Yl.....#
O. #@######## ##
#.# #.# #.# #.#
### #.# #.. #.#
#.#
#.##############.#
#.............##.#


You could see an ice beast and a leopard gecko.

Vanquished Creatures
  An ogre (D:4)
  A hound (D:3)
  A centaur skeleton (D:4)
  2 worker ants
  Robin (D:2)
  A gnoll (D:2)
  8 adders
  An ooze (D:1)
  2 adder skeletons (D:4)
  2 worms
  2 dart slugs (D:3)
  2 leopard geckos
  5 orcs
  A giant cockroach (D:3)
  17 goblins
  6 hobgoblins
  2 quokkas
  A ball python (D:4)
  4 bats
  6 frilled lizards
  A giant cockroach zombie (D:4)
  A jackal zombie (D:4)
  5 kobolds
  2 quokka skeletons (D:4)
  A quokka zombie (D:4)
  6 rats
82 creatures vanquished.

Notes
Turn   | Place    | Note
-------+----------+-------------------------------------------
     0 | D:1      | letownia2 the Tengu Fire Elementalist began the quest for the Orb.
     0 | D:1      | Reached XP level 1. HP: 10/10 MP: 4/4
    53 | D:2      | Reached skill level 3 in Conjurations
    53 | D:2      | Reached XP level 2. HP: 15/15 MP: 0/6
    92 | D:2      | Found a deep blue altar of Sif Muna.
    93 | D:2      | Found a radiant altar of Vehumet.
    95 | D:2      | Found an opulent altar of Gozag.
   153 | D:1      | Reached XP level 3. HP: 19/19 MP: 0/7
   209 | D:2      | Found a sacrificial altar of Ru.
   211 | D:2      | Found a glowing silver altar of Zin.
   298 | D:2      | Reached skill level 4 in Conjurations
   492 | D:2      | Learned a level 3 spell: Conjure Flame
   539 | D:2      | Reached skill level 5 in Conjurations
   539 | D:2      | Reached XP level 4. HP: 9/24 MP: 2/8
   603 | D:2      | Noticed Robin
   718 | D:2      | Killed Robin
  1072 | D:3      | Gained mutation: You can fly. [Tengu growth]
  1072 | D:3      | Reached XP level 5. HP: 24/28 MP: 5/9
  1219 | D:3      | Reached skill level 1 in Armour
  1228 | D:3      | Reached skill level 1 in Fighting
  1397 | D:4      | Noticed an ogre
  1469 | D:4      | Found a staircase to the Ecumenical Temple.
  1481 | Temple   | Entered the Ecumenical Temple
  1548 | D:4      | Found a stormy altar of Qazlal.
  1577 | D:4      | Killed an ogre
  1577 | D:4      | Reached XP level 6. HP: 34/35 MP: 6/10
  1598 | D:3      | Noticed Quirk's ghost (amateur GnFi)
  1783 | D:2      | Became a worshipper of Sif Muna the Loreminder
  1868 | D:5      | Entered Level 5 of the Dungeon
  1978 | D:5      | Noticed an ice beast
  1991 | D:5      | Mangled by an ice beast

Skill      XL: |  1  2  3  4  5 |
---------------+----------------+-----
Conjurations   | 3 5 |  5.9
Armour         | 2 |  2.8
Fighting       | 2 |  2.5
Dodging        | 3 |  3.7
Stealth        | |  2.0
Spellcasting   | |  2.0
Fire Magic     | |  3.2

Action                   |  1- 3 |  4- 6 || total
-------------------------+-------+-------++-------
Melee: Unarmed           |     9 |       ||     9
       Peck              |     1 |     4 ||     5
       Dagger            |     7 |    11 ||    18
       Kick              |     2 |     6 ||     8
       Short sword       |       |    25 ||    25
Throw: Javelin           |     1 |     1 ||     2
       Tomahawk          |       |     2 ||     2
 Cast: Flame Tongue      |    40 |   120 ||   160
       Conjure Flame     |       |     2 ||     2
  Use: Potion            |       |     3 ||     3
       Scroll            |       |     1 ||     1
 Stab: Distracted        |       |     1 ||     1
       Sleeping          |       |     1 ||     1
  Eat: Chunk             |       |     6 ||     6
Armor: Robe              |     4 |     2 ||     6
       Leather armour    |       |    14 ||    14
Dodge: Dodged            |    22 |    62 ||    84
